 Dungeon Crawl Stone Soup version 0.28.0-45-g0d030f2227 (webtiles) character file.

Game seed: 14082439911240559338

76 Ablot the Cutter (level 4, -1/41 HPs)
             Began as a Gnoll Chaos Knight on Apr 20, 2022.
             Was a Plaything of Xom.
             Slain by a gnoll
             ... wielding a +0 spear
              (9 damage)
             ... on level 2 of the Dungeon.
             The game lasted 00:02:31 (1548 turns).

Ablot the Cutter (Gnoll Chaos Knight)               Turns: 1548, Time: 00:02:32

Health: -1/41      AC:  5    Str: 13    XL:     4   Next: 32%
Magic:  4/5        EV: 12    Int: 11    God:    Xom [..*...]
Gold:   25         SH:  0    Dex: 12    Spells: 4/5 levels left

rFire   x . .      SeeInvis .   a - +0 short sword (chaos)
rCold   + . .      Faith    .   (no shield)
rNeg    . . .      Spirit   .   b - +2 leather armour
rPois   .          Reflect  .   (no helmet)
rElec   .          Harm     .   (no cloak)
rCorr   .          Rampage  .   (no gloves)
Will    .....                   (no boots)
Stlth   +.........              (no amulet)
HPRegen 0.13/turn               g - ring of ice
MPRegen 0.09/turn               (no ring)

@: no status effects
A: fangs 1, strong nose, distributed training
a: Renounce Religion


You were on level 2 of the Dungeon.
You worshipped Xom.
You were a toy of Xom.
You visited 1 branch of the dungeon, and saw 2 of its levels.

You collected 25 gold pieces.

Inventory:

Hand Weapons
 a - a +0 short sword of chaos (weapon)
Missiles
 c - 54 stones (quivered)
 i - 29 arrows
Armour
 b - a +2 leather armour (worn)
Jewellery
 g - a ring of ice (left hand)
Scrolls
 e - a scroll of magic mapping {unknown}
 f - 2 scrolls of enchant armour {unknown}
 j - a scroll of silence {unknown}
 k - a scroll of brand weapon {unknown}
 l - a scroll of blinking {unknown}
Potions
 d - a potion of magic {unknown}
 h - a potion of lignification {unknown}


   Skills:
 + Level 6.6 Fighting
 + Level 6.6 Short Blades
 + Level 1.1 Long Blades
 + Level 1.1 Axes
 + Level 1.1 Maces & Flails
 + Level 1.1 Polearms
 + Level 1.1 Staves
 + Level 1.1 Slings
 + Level 1.1 Bows
 + Level 1.1 Crossbows
 + Level 1.1 Throwing
 + Level 4.6 Armour
 + Level 2.7 Dodging
 + Level 1.1 Stealth
 + Level 1.1 Shields
 + Level 1.1 Unarmed Combat
 + Level 1.1 Spellcasting
 + Level 0.8 Conjurations
 + Level 0.8 Hexes
 + Level 0.8 Summonings
 + Level 0.8 Necromancy
 + Level 0.8 Translocations
 + Level 0.8 Transmutations
 + Level 0.8 Fire Magic
 + Level 0.8 Ice Magic
 + Level 0.8 Air Magic
 + Level 0.8 Earth Magic
 + Level 0.8 Poison Magic
 + Level 1.2 Invocations
 + Level 1.1 Evocations


You had 4 spell levels left.
You knew the following spells:

 Your Spells              Type           Power      Damage    Failure   Level
a - Sting                 Tmut/Pois      8%         1d3       28%         1

Your spell library contained the following spells:

 Spells                   Type           Power      Damage    Failure   Level
 Poisonous Vapours        Pois/Air       4%         N/A       38%         2
 Olgreb's Toxic Radiance  Pois           2%         N/A       95%         4


Dungeon Overview and Level Annotations

Branches:
Dungeon (2/15)

Altars:


Innate Abilities, Weirdness & Mutations

You have very sharp teeth.
Your uncanny sense of smell can sniff out nearby items.
Your experience applies equally to all skills.


Message History

Confirm with . or Enter, or press ? or * to list all spells.
You don't know that spell.
Unknown command.
Throw: 55 stones
Press: ? - help, Q - select action, (/) - cycle Shift-Dir - straight line, f/p - gnoll
Aim: a gnoll, wielding a +0 club and quivering a throwing net (64% to hit)
You throw a stone. The stone closely misses the gnoll.
The stone barely misses the gnoll.
A gnoll comes into view. It is wielding a +0 spear.
Casting: Sting (safe; 28% risk of failure)
Confirm with . or Enter, or press ? or * to list all spells.
Aiming: Sting (safe; 28% risk of failure)
Press: ? - help, Shift-Dir - straight line, f/p - gnoll
Aim: a gnoll, wielding a +0 club and quivering a throwing net (69% to hit)
You miscast Sting.
You are very lightly contaminated with residual magic.
Nothing appears to happen.
The gnoll throws a throwing net.
The throwing net hits you.
You become entangled in the net!
You struggle against the net.
A goblin comes into view. It is wielding a +0 club.
You struggle against the net.
You struggle against the net.
The gnoll hits you with a +0 club.
The gnoll hits you from afar with a +0 halberd.
You tear a large gash into the net.
The gnoll barely misses you.
The gnoll hits you from afar with a +0 halberd!
You shred the net and break free! The gnoll hits you with a +0 club.
The gnoll hits you from afar with a +0 halberd.
Unknown command.
You hit the gnoll. Lightning courses through the gnoll!!
You kill the gnoll!
The gnoll hits you from afar with a +0 halberd!
The gnoll hits you from afar with a +0 spear.
* * * LOW HITPOINT WARNING * * *
The gnoll barely misses you.
Your magical contamination has completely faded away.
You see here a +0 club.
You closely miss the gnoll.
The gnoll hits you from afar with a +0 spear!
You die...
Xom titters!

.....#######
.#.........#
.....#####.# )..### #
...# #. #+# ...#
##.##!# ...#. .....#
...#.# #..######.###
..##.# #.>..@ggg..(.
..##.## #..######.###
..#†..## #..######.##
.[...#.#####...........
#.#.#...........†..#.
#.##..######..####...#
#.###.# #..# ..#
.†....######....
..............###


You could see 2 gnolls and a goblin.

Vanquished Creatures
  2 gnolls
  An adder (D:2)
  3 dart slugs
  2 bats (D:1)
  7 endoplasms
  A goblin (D:1)
  3 hobgoblins
  3 jackals (D:1)
  4 kobolds
  A quokka (D:2)
  7 ball pythons
  4 frilled lizards
  3 rats
41 creatures vanquished.

Notes
Turn   | Place    | Note
-------+----------+-------------------------------------------
     0 | D:1      | Ablot the Gnoll Chaos Knight began the quest for the Orb.
     0 | D:1      | Reached XP level 1. HP: 23/23 MP: 1/1
    54 | D:1      | XOM: silly message
   345 | D:1      | Reached XP level 2. HP: 29/29 MP: 2/2
   566 | D:1      | XOM: silly message
   729 | D:1      | Reached XP level 3. HP: 35/35 MP: 3/3
   934 | D:1      | Reached skill level 1 in Invocations
  1178 | D:1      | XOM: divination: magic mapping
  1312 | D:2      | Reached skill level 1 in Long Blades
  1312 | D:2      | Reached skill level 1 in Axes
  1312 | D:2      | Reached skill level 1 in Maces & Flails
  1312 | D:2      | Reached skill level 1 in Polearms
  1312 | D:2      | Reached skill level 1 in Staves
  1312 | D:2      | Reached skill level 1 in Slings
  1312 | D:2      | Reached skill level 1 in Bows
  1312 | D:2      | Reached skill level 1 in Crossbows
  1312 | D:2      | Reached skill level 1 in Throwing
  1312 | D:2      | Reached skill level 1 in Stealth
  1312 | D:2      | Reached skill level 1 in Shields
  1312 | D:2      | Reached skill level 1 in Unarmed Combat
  1312 | D:2      | Reached skill level 1 in Spellcasting
  1312 | D:2      | Reached skill level 1 in Evocations
  1340 | D:2      | XOM: divination: detect items
  1353 | D:2      | Learned a level 1 spell: Sting
  1478 | D:2      | Reached XP level 4. HP: 38/41 MP: 5/5
  1548 | D:2      | Slain by a gnoll

Illustrated notes

Levels and vault maps discovered:
D:1:      dpeg_arrival_arbitrary_a, layout_loops_ring, minivault_14,
          serial_bayou_pond_a
D:2:      layout_loops_ring, shapermc_ecumenical_altar_ellora, basic_altar,
          minmay_close_crescents

Skill      XL: |  1  2  3 |
---------------+----------+-----
Invocations    | 1 |  1.2
Long Blades    | 1 |  1.1
Axes           | 1 |  1.1
Maces & Flails | 1 |  1.1
Polearms       | 1 |  1.1
Staves         | 1 |  1.1
Slings         | 1 |  1.1
Bows           | 1 |  1.1
Crossbows      | 1 |  1.1
Throwing       | 1 |  1.1
Stealth        | 1 |  1.1
Shields        | 1 |  1.1
Unarmed Combat | 1 |  1.1
Spellcasting   | 1 |  1.1
Evocations     | 1 |  1.1
Fighting       | |  6.6
Short Blades   | |  6.6
Armour         | |  4.6
Dodging        | |  2.7
Conjurations   | |  0.8
Hexes          | |  0.8
Summonings     | |  0.8
Necromancy     | |  0.8
Translocations | |  0.8
Transmutations | |  0.8
Fire Magic     | |  0.8
Ice Magic      | |  0.8
Air Magic      | |  0.8
Earth Magic    | |  0.8
Poison Magic   | |  0.8

Action                   |  1- 3 |  4- 6 || total
-------------------------+-------+-------++-------
Melee: Short sword       |    96 |     6 ||   102
       Bite              |    10 |       ||    10
       Punch             |     1 |       ||     1
Throw: Stone             |       |     2 ||     2
 Stab: Sleeping          |     3 |       ||     3
       Petrifying        |     1 |       ||     1
Armor: Leather armour    |    25 |       ||    25
Dodge: Dodged            |    42 |     5 ||    47
